[Event "Titled Tuesday Blitz May 30 Late 2023"]
[White "Gurevich, Dmitry"]
[Black "Holt, Conrad"]
[WhiteFideId "2000407"]
[BlackFideId "2034387"]
[WhiteElo "2506"]
[BlackElo "2592"]
[Result "0-1"]
[Round "01"]
[TimeControl "180+2"]
[Date "2023.05.31"]
[WhiteClock "0:00:04"]
[BlackClock "0:00:23"]

1. d4 d5 2. c4 c6 3. e3 Bf5 4. Nc3 e6 5. g4 Bg6 6. h4 h5 7. g5 Bd6 8. f4 Ne7 9. Nf3 Nf5 10. Kf2 Nd7 11. c5 Be7 12. b4 Qc7 13. Bd2 b6 14. a3 a5 15. Be2 O-O 16. Qb3 Rfb8 17. Qd1 Qb7 18. Rg1 axb4 19. axb4 bxc5 20. bxc5 Bd8 21. Rxa8 Rxa8 22. Qb1 Qa7 23. Qb2 Bc7 24. Rc1 Ne7 25. Nd1 Bf5 26. Bc3 Rb8 27. Ra1 Qb7 28. Qxb7 Rxb7 29. Ra8+ Nf8 30. Ba5 Bxa5 31. Rxa5 Nfg6 32. Ra6 Bg4 33. Rb6 Ra7 34. Nc3 Ra3 35. Nb1 Ra2 36. Nc3 Rc2 37. Rb8+ Kh7 38. Rb3 Nf5 39. Ng1 Ngxh4 40. Ke1 Ng2+ 0-1


[Site "https://www.chess.com"]

[Event "Titled Tuesday Blitz May 30 Late 2023"]
[White "Maksimovic, Bojan"]
[Black "Shapiro, Viktor"]
[WhiteFideId "14408120"]
[BlackFideId "4175700"]
[WhiteElo "2468"]
[BlackElo "2152"]
[Result "1-0"]
[Round "01"]
[TimeControl "180+2"]
[Date "2023.05.31"]
[WhiteClock "0:01:05"]
[BlackClock "0:00:22"]

1. Nf3 Nf6 2. g3 d5 3. Bg2 g6 4. O-O Bg7 5. d3 O-O 6. Nbd2 c5 7. e4 Nc6 8. Re1 Bg4 9. h3 Bxf3 10. Qxf3 Nd4 11. Qd1 e6 12. c3 Nc6 13. Qe2 dxe4 14. dxe4 Qc7 15. a4 Rad8 16. Nc4 b6 17. Bf4 e5 18. Bg5 Rd7 19. Ne3 Ne7 20. a5 Rfd8 21. Red1 h6 22. Bxf6 Bxf6 23. Rxd7 Rxd7 24. axb6 axb6 25. Qb5 Rd8 26. Nc4 Rb8 27. Ra6 Nc8 28. Bf1 Kg7 29. Kg2 h5 30. h4 Nd6 31. Nxd6 Qxd6 32. Bc4 g5 33. hxg5 Bxg5 34. Ra7 Rf8 35. Qd7 Qf6 36. Qd1 h4 37. Qg4 hxg3 38. fxg3 Qg6 39. Bd5 Bc1 40. Qxg6+ Kxg6 41. b3 Bd2 42. c4 f5 43. exf5+ Kxf5 44. Kf3 e4+ 45. Ke2 Ba5 46. Re7 Kg4 47. Rg7+ Kf5 48. Ke3 Re8 49. Rf7+ Kg4 50. Rg7+ Kf5 51. g4+ Ke5 52. Rg5+ Kd6 53. Bxe4 Bd2+ 54. Kxd2 Rxe4 55. Kd3 Rf4 56. Rg6+ Kc7 57. Kc3 Rf3+ 58. Kb2 Rg3 59. Rg7+ Kc6 60. g5 Rg2+ 61. Ka3 Rg3 62. g6 b5 63. cxb5+ Kxb5 64. Rg8 c4 65. g7 Rxb3+ 66. Ka2 Rg3 67. Rb8+ 1-0


[Site "https://www.chess.com"]

[Event "Titled Tuesday Blitz May 30 Late 2023"]
[White "Mackster23"]
[Black "Meshkovs, Nikita"]
[BlackFideId "11602740"]
[WhiteElo "2443"]
[BlackElo "2537"]
[Result "0-1"]
[Round "01"]
[TimeControl "180+2"]
[Date "2023.05.31"]
[WhiteClock "0:00:11"]
[BlackClock "0:01:25"]

1. e4 e5 2. Nf3 Nc6 3. Bb5 a6 4. Ba4 d6 5. c3 Nf6 6. d4 Bd7 7. d5 Ne7 8. Bc2 g6 9. c4 Bg7 10. c5 O-O 11. O-O h6 12. cxd6 cxd6 13. Nbd2 Rc8 14. Bd3 Nh5 15. Nc4 Bb5 16. b3 Nf4 17. Bxf4 exf4 18. Rc1 g5 19. a4 Bxc4 20. Rxc4 Qb6 21. h3 Ng6 22. Qc2 Rxc4 23. Qxc4 Bf6 24. Rc1 Kg7 25. b4 a5 26. bxa5 Qxa5 27. Rb1 h5 28. Rxb7 g4 29. Nd4 Qe1+ 30. Bf1 g3 31. Nf5+ Kh7 32. Qe2 gxf2+ 33. Qxf2 Qxe4 34. Nxd6 Qxd5 35. Qf3 Qxd6 36. Qxh5+ Kg7 37. Bc4 Qd4+ 0-1


[Site "https://www.chess.com"]

[Event "Titled Tuesday Blitz May 30 Late 2023"]
[White "Janik, Igor"]
[Black "Mazurkiewicz, Michal"]
[WhiteFideId "1159259"]
[BlackFideId "1124943"]
[WhiteElo "2484"]
[BlackElo "2054"]
[Result "1-0"]
[Round "01"]
[TimeControl "180+2"]
[Date "2023.05.31"]
[WhiteClock "0:02:01"]
[BlackClock "0:00:00"]

1. Nf3 Nf6 2. g3 g6 3. Bg2 Bg7 4. O-O O-O 5. c3 d6 6. d4 c5 7. dxc5 dxc5 8. Qxd8 Rxd8 9. Be3 Na6 10. Na3 h6 11. Rfd1 Be6 12. Nd2 Nd5 13. Ndc4 Nxe3 14. Nxe3 Nc7 15. Nac4 Rxd1+ 16. Rxd1 Rb8 17. Na5 b6 18. Nc6 Re8 19. Nxa7 Bxa2 20. Nc6 Be6 21. Ra1 Kf8 22. Ra7 Nb5 23. Rb7 Nd6 24. Rxb6 Nc4 25. Nxc4 Bxc4 26. Bf3 e6 27. Na5 Bd5 28. e4 Ba8 29. Kg2 1-0


[Site "https://www.chess.com"]

[Event "Titled Tuesday Blitz May 30 Late 2023"]
[White "Wizard_of_Odds"]
[Black "Milikow, Yoav"]
[BlackFideId "2822237"]
[WhiteElo "2442"]
[BlackElo "2410"]
[Result "0-1"]
[Round "01"]
[TimeControl "180+2"]
[Date "2023.05.31"]
[WhiteClock "0:00:00"]
[BlackClock "0:01:47"]

1. d4 Nf6 2. c4 e6 3. Nc3 d5 4. cxd5 exd5 5. Bf4 Bb4 6. e3 O-O 7. Ne2 Re8 8. h3 Bd6 9. Qc2 Nc6 10. a3 Bxf4 11. Nxf4 Nxd4 12. Qd1 c5 13. Be2 Nxe2 14. Qxe2 d4 15. O-O-O Bd7 16. Ncd5 Nxd5 17. Nxd5 Ba4 18. Qc4 b5 19. Qa2 Bxd1 20. Rxd1 Qg5 21. Nc7 dxe3 22. Nxe8 e2+ 23. f4 Qxf4+ 24. Kc2 Qa4+ 25. b3 Qe4+ 26. Kc1 exd1=Q+ 27. Kxd1 Rxe8 28. Qd2 Qb1+ 29. Qc1 Rd8+ 30. Ke2 Qxc1 0-1


[Site "https://www.chess.com"]

[Event "Titled Tuesday Blitz May 30 Late 2023"]
[White "Mekhitarian, Krikor Sevag"]
[Black "Pasti, Aron"]
[WhiteFideId "2107660"]
[BlackFideId "785857"]
[WhiteElo "2604"]
[BlackElo "2173"]
[Result "0-1"]
[Round "01"]
[TimeControl "180+2"]
[Date "2023.05.31"]
[WhiteClock "0:00:03"]
[BlackClock "0:00:21"]

1. Nf3 d5 2. c4 d4 3. b4 f6 4. Na3 e5 5. Nc2 c5 6. bxc5 Bxc5 7. d3 Nc6 8. g3 Nge7 9. Bg2 O-O 10. O-O b6 11. Nd2 f5 12. Nb3 Bd6 13. f4 Bb7 14. fxe5 Bxe5 15. Bb2 f4 16. g4 Qd6 17. Nd2 Na5 18. Bxb7 Nxb7 19. Nf3 Nc6 20. Ba3 Nc5 21. Rb1 Qd7 22. Bxc5 bxc5 23. Rb5 Qxg4+ 24. Kh1 Bd6 25. Rg1 Qd7 26. Nce1 Rab8 27. Ng5 Rxb5 28. cxb5 Ne5 29. Qb3+ Kh8 30. Qe6 Qxe6 31. Nxe6 Rf7 32. Ng5 Rb7 33. Ne4 Be7 34. a4 h6 35. Nf3 Nxf3 36. exf3 g5 37. Rc1 Kg8 38. Nxc5 Rc7 39. Nb3 Rc3 40. Rxc3 dxc3 41. Nd4 Bc5 42. Nc2 Kf7 43. a5 Ke6 44. Kg2 Kd5 45. h4 gxh4 46. Kh3 Be7 47. Kg4 h5+ 48. Kxf4 Bg5+ 49. Kxg5 h3 50. b6 axb6 51. a6 Kc6 52. Nd4+ Kc7 53. Nb5+ Kb8 54. Nxc3 h2 55. Kxh5 h1=Q+ 56. Kg4 Qg1+ 57. Kf5 Qc5+ 0-1


[Site "https://www.chess.com"]

[Event "Titled Tuesday Blitz May 30 Late 2023"]
[White "Urquhart, Ed"]
[Black "Pakleza, Zbigniew"]
[WhiteFideId "2603748"]
[BlackFideId "1119290"]
[WhiteElo "2184"]
[BlackElo "2410"]
[Result "1/2-1/2"]
[Round "01"]
[TimeControl "180+2"]
[Date "2023.05.31"]
[WhiteClock "0:00:05"]
[BlackClock "0:00:05"]

1. e4 d6 2. Nc3 Nf6 3. f4 d5 4. e5 d4 5. Nce2 Nd5 6. d3 c5 7. Nf3 Nc6 8. Ng3 e6 9. Ne4 Be7 10. Be2 O-O 11. O-O b6 12. Bd2 h6 13. Qe1 Ncb4 14. Qc1 Bb7 15. a3 Nc6 16. Qe1 f5 17. exf6 Nxf6 18. Qg3 Qd5 19. Nxf6+ Rxf6 20. Ne5 Nxe5 21. fxe5 Rxf1+ 22. Rxf1 Bh4 23. Qg4 h5 24. Qg6 Qxe5 25. Bxh5 Bd5 26. Bf3 Rf8 27. Bxd5 Qxd5 28. Rxf8+ Kxf8 29. Qh7 Bf6 30. b3 b5 31. Qh8+ Kf7 32. Qb8 Qd7 33. Bf4 Be7 34. Qe5 c4 35. bxc4 bxc4 36. h3 cxd3 37. cxd3 Bxa3 38. Qh5+ Kg8 39. Be5 Bf8 40. Qg4 Bc5 41. Qe4 a5 42. Qa8+ Kh7 43. Qxa5 Qd5 44. Bf4 e5 45. Bd2 Kg6 46. Bb4 Qb3 47. Qxc5 Qxd3 48. Kh2 e4 49. Qd6+ Kh7 50. Bc5 Qe3 51. Bxd4 Qg5 52. Qe5 Qg6 53. h4 Kg8 54. h5 Qg4 55. Qe8+ Kh7 56. Qe5 Qh4+ 57. Kg1 Qe1+ 58. Kh2 Qh4+ 59. Kg1 Qe1+ 60. Kh2 Qh4+ 1/2-1/2


[Site "https://www.chess.com"]

[Event "Titled Tuesday Blitz May 30 Late 2023"]
[White "Papasimakopoulos, Alexandros"]
[Black "Mujumdar, Sameer"]
[WhiteFideId "4244125"]
[BlackFideId "2029707"]
[WhiteElo "2359"]
[BlackElo "2104"]
[Result "1-0"]
[Round "01"]
[TimeControl "180+2"]
[Date "2023.05.31"]
[WhiteClock "0:00:19"]
[BlackClock "0:00:10"]

1. d4 d5 2. c4 c6 3. cxd5 cxd5 4. Bf4 Nc6 5. e3 Nf6 6. Nc3 a6 7. Bd3 e6 8. Rc1 Bd6 9. Bxd6 Qxd6 10. f4 O-O 11. Nf3 Bd7 12. Ne5 Rfc8 13. O-O b5 14. g4 b4 15. g5 bxc3 16. gxf6 gxf6 17. Qh5 Be8 18. Qh6 f5 19. Rc2 Ne7 20. bxc3 Ng6 21. h4 Qf8 22. Qxf8+ Kxf8 23. Nxg6+ hxg6 24. Rfc1 a5 25. c4 Ba4 26. Rc3 dxc4 27. Bxc4 Rab8 28. Kf2 Rb2+ 29. Kg3 Ke7 30. a3 Rd2 31. Ba6 Rb8 32. Rc7+ Kf6 33. Bb7 Rd3 34. Kf2 Rxa3 35. d5 Ra2+ 36. Kg3 exd5 37. Bxd5 Be8 38. R1c6+ Bxc6 39. Rxf7# 1-0


[Site "https://www.chess.com"]

[Event "Titled Tuesday Blitz May 30 Late 2023"]
[White "Ponce Cano, Adrian"]
[Black "Fernandez Guillen, Ernesto J."]
[WhiteFideId "22296913"]
[BlackFideId "3512428"]
[WhiteElo "2211"]
[BlackElo "2429"]
[Result "1-0"]
[Round "01"]
[TimeControl "180+2"]
[Date "2023.05.31"]
[WhiteClock "0:01:27"]
[BlackClock "0:00:21"]

1. e4 e5 2. Nf3 Nc6 3. c3 g6 4. d4 exd4 5. cxd4 Bg7 6. Nc3 d6 7. Bb5 Ne7 8. d5 a6 9. dxc6 axb5 10. cxb7 Bxb7 11. Nxb5 Bxe4 12. O-O O-O 13. Re1 Bb7 14. Bg5 Re8 15. Qc2 Bxf3 16. gxf3 Qd7 17. a4 Nd5 18. Rxe8+ Rxe8 19. Rd1 c6 20. Bh4 cxb5 21. Rxd5 Qh3 22. Qd2 Bh6 23. Bg5 Bxg5 24. Rxg5 bxa4 25. Rg3 Qe6 26. Kg2 h5 27. Qd4 Rc8 28. Qxa4 Rc4 29. Qa8+ Kg7 30. b3 Rf4 31. Qa1+ Kh7 32. Qd1 Rb4 33. Rg5 Rxb3 34. Rd5 Rb6 35. Qd3 Rc6 36. Rxh5+ Kg7 37. Rd5 Qf6 38. Rd4 Rc5 39. Rxd6 Rg5+ 40. Kf1 Qa1+ 41. Qd1 Qf6 42. Rxf6 Kxf6 43. Qd4+ 1-0


[Site "https://www.chess.com"]

[Event "Titled Tuesday Blitz May 30 Late 2023"]
[White "Bordi, Kevin"]
[Black "Nilsen, Tobias Lang"]
[WhiteFideId "621862"]
[BlackFideId "1521624"]
[WhiteElo "2764"]
[BlackElo "2183"]
[Result "1-0"]
[Round "01"]
[TimeControl "180+2"]
[Date "2023.05.31"]
[WhiteClock "0:01:41"]
[BlackClock "0:02:22"]

1. e4 e6 2. d4 d5 3. Nd2 a6 4. exd5 exd5 5. Ngf3 Nf6 6. Bd3 c5 7. O-O c4 8. Re1+ Be7 9. Bf1 O-O 10. b3 cxb3 11. axb3 Nc6 12. c3 h6 13. Bd3 Re8 14. Ne5 Qc7 15. Ndf3 Bd6 16. Nxc6 Qxc6 17. Rxe8+ Qxe8 18. h3 Qc6 19. c4 Be6 20. c5 Bc7 21. b4 Re8 22. Qb3 Bd7 23. Rb1 Qe6 24. Bd2 Bb5 25. Bxb5 axb5 26. Qd3 Qe4 27. Qf1 Qc2 28. Rc1 Qa4 29. Ra1 Qc2 30. Qxb5 Ne4 31. Qxe8+ Kh7 32. Be3 f5 33. Qf7 f4 34. Qf5+ Kh8 35. Ra8+ 1-0


[Site "https://www.chess.com"]

[Event "Titled Tuesday Blitz May 30 Late 2023"]
[White "Zaitsev, Alexander"]
[Black "Hambleton, Aman"]
[WhiteFideId "4164490"]
[BlackFideId "2606577"]
[WhiteElo "2373"]
[BlackElo "2511"]
[Result "0-1"]
[Round "01"]
[TimeControl "180+2"]
[Date "2023.05.31"]
[WhiteClock "0:00:00"]
[BlackClock "0:00:02"]

1. e4 c5 2. Nf3 e6 3. g3 a6 4. Bg2 Nc6 5. O-O Qc7 6. c3 Nf6 7. Re1 d6 8. d4 e5 9. dxc5 dxc5 10. Bg5 Be7 11. Nbd2 Be6 12. Nf1 Rd8 13. Qc2 h6 14. Bxf6 Bxf6 15. Ne3 Ne7 16. c4 Nc6 17. Nd5 Qd6 18. Rad1 Nd4 19. Nxd4 cxd4 20. Qe2 Be7 21. f4 Rc8 22. b3 a5 23. Rf1 Rc6 24. h4 Bd8 25. Kh2 f6 26. Bh3 Bf7 27. fxe5 fxe5 28. Bg4 O-O 29. Bh5 g6 30. Bg4 h5 31. Bh3 Kg7 32. Rf2 Bg8 33. Rdf1 Rxf2+ 34. Qxf2 Bf6 35. Bd7 Qxd7 36. Nxf6 Qe7 37. Nd5 Qd8 38. Qe2 b6 39. Rf2 Rd6 40. Qf1 Re6 41. Qh3 Rd6 42. Qf1 Be6 43. Rf3 Bg4 44. Rf2 Qe8 45. Qd3 Rd7 46. Qd2 Rf7 47. Rxf7+ Qxf7 48. Qe1 Qf3 49. Kg1 d3 50. Qe3 Qd1+ 51. Kf2 d2 52. Nc3 Qc1 53. Qd3 Qe1+ 54. Kg2 d1=Q 0-1


[Site "https://www.chess.com"]

[Event "Titled Tuesday Blitz May 30 Late 2023"]
[White "Simonian, Hrair"]
[Black "Jakic, Ivan"]
[WhiteFideId "13302337"]
[BlackFideId "14504901"]
[WhiteElo "2447"]
[BlackElo "2370"]
[Result "1-0"]
[Round "01"]
[TimeControl "180+2"]
[Date "2023.05.31"]
[WhiteClock "0:01:11"]
[BlackClock "0:01:48"]

1. e4 c5 2. Nc3 Nc6 3. Bb5 Nd4 4. Bc4 e6 5. Nge2 a6 6. Nxd4 cxd4 7. Ne2 b5 8. Bb3 Bc5 9. d3 Ne7 10. O-O O-O 11. Ng3 f5 12. Bg5 f4 13. Nh5 h6 14. Bxf4 Qe8 15. Qg4 Qg6 16. Qxg6 Nxg6 17. Bd2 Kh7 18. f4 Bb7 19. f5 exf5 20. exf5 Ne5 21. Rae1 Rae8 22. f6 g6 23. Ng7 Rc8 24. Rxe5 d6 25. Re7 1-0


[Site "https://www.chess.com"]

[Event "Titled Tuesday Blitz May 30 Late 2023"]
[White "Harriott, Tyrell"]
[Black "Tatarinov, Dmitry"]
[WhiteFideId "2086484"]
[BlackFideId "24160067"]
[WhiteElo "2107"]
[BlackElo "2326"]
[Result "1-0"]
[Round "01"]
[TimeControl "180+2"]
[Date "2023.05.31"]
[WhiteClock "0:00:42"]
[BlackClock "0:00:00"]

1. d4 Nf6 2. e3 g6 3. Bd3 d5 4. f4 c5 5. c3 Nc6 6. Nf3 Bg7 7. O-O O-O 8. Nbd2 Qc7 9. Qe1 a5 10. Ne5 b6 11. Ndf3 Ba6 12. Bxa6 Rxa6 13. Qe2 Raa8 14. Bd2 Ne4 15. Be1 e6 16. Rc1 a4 17. Bh4 c4 18. a3 Ra5 19. Rc2 Rb5 20. Ng4 f6 21. Nf2 Ne7 22. Nd2 Nxd2 23. Rxd2 Nf5 24. Bg3 Nxg3 25. hxg3 f5 26. Nh3 Bf6 27. g4 Qe7 28. Kh1 Ra5 29. Rg1 fxg4 30. Qxg4 Ra7 31. Nf2 Qg7 32. Qh3 Re7 33. Ng4 h5 34. Nf2 Kf7 35. g3 Ke8 36. Kg2 Kd8 37. Kf1 Kc7 38. Ke1 Rh8 39. Kd1 g5 40. Rg2 Qg6 41. Kc1 Qf5 42. Qh1 gxf4 43. exf4 Rg7 44. Re2 h4 45. Nd1 Rxg3 46. Rxg3 hxg3 47. Qf3 Rh2 48. Rg2 Rxg2 49. Qxg2 Qxf4+ 50. Kb1 Bg5 51. Ka2 Kc6 52. Qc2 Kb5 53. Qg6 Kc6 54. Qe8+ Kb7 55. Qd7+ Qc7 56. Qxe6 g2 57. Qg4 Bc1 58. Qxg2 Qc6 59. Qc2 Bf4 60. Nf2 Bc7 61. Ng4 1-0


[Site "https://www.chess.com"]

[Event "Titled Tuesday Blitz May 30 Late 2023"]
[White "Pulpan, Jakub"]
[Black "Kovalevsky, Stanislav"]
[WhiteFideId "302759"]
[BlackFideId "13508598"]
[WhiteElo "2484"]
[BlackElo "2174"]
[Result "1-0"]
[Round "01"]
[TimeControl "180+2"]
[Date "2023.05.31"]
[WhiteClock "0:01:56"]
[BlackClock "0:01:43"]

1. h3 d5 2. Nf3 c5 3. b3 Nc6 4. Bb2 Nf6 5. e3 Bf5 6. d4 e6 7. Nbd2 Rc8 8. Nh4 cxd4 9. Nxf5 e5 10. exd4 Qd7 11. Ne3 exd4 12. Ng4 Be7 13. Bd3 O-O 14. O-O Rfe8 15. Nxf6+ Bxf6 16. Nf3 a6 17. Qd2 Re7 18. Rfe1 Rce8 19. Rxe7 Rxe7 20. Re1 Qe8 21. Rxe7 Qxe7 22. Qe1 Qd7 23. g4 h6 24. Kg2 b5 25. a4 bxa4 26. bxa4 a5 27. Bb5 Qd6 28. Bxc6 Qxc6 29. Bxd4 Qxc2 30. Qe8+ Kh7 31. Bxf6 gxf6 32. Qxf7+ Kh8 33. Qxf6+ Kg8 34. Qe6+ Kh8 35. Qxd5 Qxa4 36. Qd4+ Qxd4 37. Nxd4 1-0


[Site "https://www.chess.com"]

[Event "Titled Tuesday Blitz May 30 Late 2023"]
[White "Rama, Tejas"]
[Black "Makridis, Dimitrios"]
[WhiteFideId "30907381"]
[BlackFideId "25864475"]
[WhiteElo "2089"]
[BlackElo "2277"]
[Result "1/2-1/2"]
[Round "01"]
[TimeControl "180+2"]
[Date "2023.05.31"]
[WhiteClock "0:00:15"]
[BlackClock "0:00:09"]

1. d4 Nf6 2. c4 c6 3. Nc3 d5 4. e3 g6 5. Nf3 Bg7 6. Be2 O-O 7. O-O Be6 8. cxd5 Nxd5 9. h3 h6 10. Bd2 Nd7 11. Rc1 N7f6 12. Qc2 Nxc3 13. Bxc3 Nd5 14. Bd2 Rc8 15. e4 Nf6 16. Rfd1 Kh7 17. b3 Qb6 18. Be3 Qa5 19. Bd2 Qc7 20. Qb1 Qb8 21. Bb4 Rfe8 22. Ba3 b6 23. Ba6 Rc7 24. Qc2 Nd7 25. d5 Bxd5 26. exd5 c5 27. Bd3 Rd8 28. h4 Nf6 29. Bb2 Nxd5 30. Bxg7 Kxg7 31. h5 g5 32. Qb2+ f6 33. Bc4 Nf4 34. Qb1 Nxh5 35. Qf5 Nf4 36. Nh4 Qc8 37. Qxc8 Rdxc8 38. Nf5+ Kg6 39. Ne3 Nh5 40. Be6 Rf8 41. Nd5 Rb7 42. Ne3 Ng7 43. Bd5 Rc7 44. Bc4 e6 45. Rd2 f5 46. Rcd1 Re8 47. Rd7 Re7 48. Rxc7 Rxc7 49. Rd8 Kf6 50. g3 h5 51. f4 h4 52. fxg5+ Kxg5 53. gxh4+ Kxh4 54. Rg8 Rd7 55. Kf2 Re7 56. Bxe6 f4 57. Ng2+ Kg5 58. Bc4 Kf5 59. Rf8+ Ke5 60. Nxf4 Kd4 61. Rd8+ Ke4 62. Nd5 Rf7+ 63. Ke2 Rb7 64. Nb4 Kf4 65. Bd5 Re7+ 66. Kd3 cxb4 67. Rf8+ Ke5 68. Bg2 Nf5 69. Rc8 Rd7+ 70. Ke2 Nd4+ 71. Ke3 Nf5+ 72. Ke2 Nd6 73. Rh8 Kd4 74. Rh4+ Kc5 75. Rh5+ Kd4 76. Kd2 Ne4+ 77. Bxe4 Kxe4+ 78. Kc2 Kd4 79. Rb5 Rc7+ 80. Kb2 a5 81. Rxb6 Kc5 82. Rg6 Kb5 83. Rg5+ Rc5 84. Rxc5+ Kxc5 85. Kc2 Kd4 86. Kd2 Ke4 87. Ke2 Kd4 88. Kd2 Ke4 89. Ke2 Ke5 90. Ke3 Kd5 91. Kd3 Kc5 92. Ke4 Kc6 93. Kd4 Kb6 94. Kd5 Kb5 95. Kd4 Kb6 96. Kd5 Kb5 97. Kd6 Kb6 98. Ke5 Kc5 99. Ke4 Kc6 100. Kd4 Kb6 1/2-1/2


[Site "https://www.chess.com"]

[Event "Titled Tuesday Blitz May 30 Late 2023"]
[White "Tejedor Fuente, Enrique"]
[Black "Grycel, Kamil"]
[WhiteFideId "2299100"]
[BlackFideId "1115499"]
[WhiteElo "2496"]
[BlackElo "2427"]
[Result "1-0"]
[Round "01"]
[TimeControl "180+2"]
[Date "2023.05.31"]
[WhiteClock "0:00:16"]
[BlackClock "0:00:00"]

1. b4 c6 2. Bb2 a5 3. a3 axb4 4. axb4 Rxa1 5. Bxa1 Qb6 6. c3 d5 7. Nf3 Nf6 8. e3 Bg4 9. Be2 Nbd7 10. O-O e6 11. h3 Bh5 12. d3 Be7 13. Nbd2 O-O 14. Bb2 Ra8 15. Qc2 h6 16. Ra1 Rxa1+ 17. Bxa1 Qa7 18. Qb1 Bg6 19. Bb2 Nb6 20. e4 Qa6 21. e5 Nfd7 22. Qf1 Qa2 23. Qb1 Qa6 24. Qc2 Nc4 25. Bc1 Qa1 26. Nb3 Qa4 27. Bf4 Na3 28. Qa2 Nb6 29. Bc1 Nb5 30. Qb2 Qa8 31. Qc2 Qa4 32. Qb2 Bf8 33. Na5 Nc4 34. dxc4 dxc4 35. Nxc4 Qa6 36. Na5 b6 37. Nxc6 1-0


[Site "https://www.chess.com"]

[Event "Titled Tuesday Blitz May 30 Late 2023"]
[White "Przybylski, Wojciech"]
[Black "Schmakel, Sam"]
[WhiteFideId "1117599"]
[BlackFideId "2039311"]
[WhiteElo "2222"]
[BlackElo "2356"]
[Result "0-1"]
[Round "01"]
[TimeControl "180+2"]
[Date "2023.05.31"]
[WhiteClock "0:00:27"]
[BlackClock "0:00:43"]

1. e4 g6 2. d4 Bg7 3. Nc3 d6 4. h3 a6 5. a4 Nc6 6. Nf3 e5 7. Be3 exd4 8. Nxd4 Nf6 9. Be2 O-O 10. O-O Re8 11. Nxc6 bxc6 12. Bd3 Nd7 13. f4 Rb8 14. Rb1 c5 15. Bc4 Bb7 16. Qd3 Nb6 17. Bxa6 Bxa6 18. Qxa6 Bxc3 19. bxc3 Rxe4 20. Bc1 Nxa4 21. Rxb8 Qxb8 22. Qd3 Qe8 23. f5 Re1 24. Bh6 Rxf1+ 25. Kxf1 Nb6 26. g4 f6 27. Qf3 Kf7 28. Qb7 Qd7 29. Bf4 gxf5 30. gxf5 Qxf5 31. Qxc7+ Kg6 32. Qxd6 Nd5 33. Ke1 Nxf4 34. Qd8 Qe4+ 35. Kd2 Qd5+ 36. Qxd5 Nxd5 37. Kd3 Kf5 38. Kc4 Ke5 39. Kxc5 Nxc3 40. Kc4 Nd5 41. Kd3 Nf4+ 42. Ke3 Nxh3 43. c4 Ng5 44. c5 Ne6 45. c6 f5 46. Kf3 Kd5 47. c7 Nxc7 48. Kf4 Ke6 49. Kg5 Ke5 50. Kh4 f4 51. Kg4 Ke4 52. Kh3 f3 53. Kg3 Ke3 54. Kh2 f2 55. Kg2 Ke2 56. Kg3 f1=Q 57. Kh2 Qf5 58. Kg3 Qg5+ 59. Kh3 Kf2 60. Kh2 Qh6# 0-1


[Site "https://www.chess.com"]

[Event "Titled Tuesday Blitz May 30 Late 2023"]
[White "Klukin, Kirill"]
[Black "FromTexas54"]
[WhiteFideId "24199273"]
[WhiteElo "2344"]
[BlackElo "2425"]
[Result "1-0"]
[Round "01"]
[TimeControl "180+2"]
[Date "2023.05.31"]
[WhiteClock "0:01:21"]
[BlackClock "0:00:00"]

1. b3 e5 2. Bb2 Nc6 3. e3 d5 4. Bb5 Ne7 5. Nf3 f6 6. c4 a6 7. Bxc6+ Nxc6 8. cxd5 Qxd5 9. Nc3 Qd3 10. a3 Be6 11. b4 O-O-O 12. Qb1 e4 13. Qxd3 exd3 14. O-O Bg4 15. Ne4 Bd6 16. h3 Bf5 17. Nxd6+ Rxd6 18. Rfc1 Be4 19. Nd4 Nxd4 20. Bxd4 Rc6 21. f3 Bd5 22. Rxc6 Bxc6 23. Kf2 Bb5 24. g4 Bc4 25. h4 Kd7 26. Rc1 b5 27. Rg1 Ke7 28. e4 Ra8 29. Bc3 g6 30. Ke3 Ke6 31. f4 Re8 32. f5+ Kf7 33. Kf4 c6 34. g5 gxf5 35. e5 fxe5+ 36. Bxe5 Ke6 37. h5 Kd5 38. Bc3 Re2 39. g6 hxg6 40. hxg6 Rf2+ 41. Kg5 Kd6 42. g7 Ke7 43. Re1+ 1-0


[Site "https://www.chess.com"]

[Event "Titled Tuesday Blitz May 30 Late 2023"]
[White "Hajiyev, Kanan"]
[Black "Yanchenko, Roman"]
[WhiteFideId "13404148"]
[BlackFideId "4137329"]
[WhiteElo "2103"]
[BlackElo "2491"]
[Result "0-1"]
[Round "01"]
[TimeControl "180+2"]
[Date "2023.05.31"]
[WhiteClock "0:00:44"]
[BlackClock "0:00:42"]

1. d4 d5 2. c4 c6 3. cxd5 cxd5 4. Nc3 Nf6 5. Nf3 a6 6. Bg5 Nc6 7. Bxf6 gxf6 8. Qb3 e6 9. e3 f5 10. Be2 Bd7 11. O-O Bd6 12. Rac1 Na5 13. Qc2 b5 14. Ne5 Bxe5 15. dxe5 Rc8 16. Qd2 Nc4 17. Bxc4 Rxc4 18. Ne2 O-O 19. b3 Rg4 20. h3 Rg7 21. Nf4 Kh8 22. Rc5 Rfg8 23. Rfc1 b4 24. Qxb4 Rxg2+ 25. Nxg2 Qg5 26. Kf1 Qxg2+ 27. Ke2 Qxh3 28. Qf4 Bb5+ 29. Rxb5 axb5 30. a4 bxa4 31. bxa4 Rg4 32. Rc8+ Kg7 33. Qf3 Qxf3+ 34. Kxf3 Rxa4 35. Rc7 Re4 36. Rd7 Rxe5 37. Rc7 Re4 38. Rd7 h5 39. Rd8 h4 40. Kg2 f4 41. Kf3 fxe3 42. fxe3 h3 43. Ra8 h2 44. Ra1 Rh4 45. Kg2 h1=Q+ 46. Rxh1 Rxh1 47. Kxh1 Kf6 48. Kg2 Ke5 49. Kf3 Kf5 0-1


[Site "https://www.chess.com"]

[Event "Titled Tuesday Blitz May 30 Late 2023"]
[White "Panesar Vedant"]
[Black "Skaric, Djuro"]
[WhiteFideId "35033018"]
[BlackFideId "934569"]
[WhiteElo "2347"]
[BlackElo "2282"]
[Result "1-0"]
[Round "01"]
[TimeControl "180+2"]
[Date "2023.05.31"]
[WhiteClock "0:00:35"]
[BlackClock "0:00:53"]

1. e4 d6 2. d4 g6 3. Nc3 Bg7 4. Be3 Nf6 5. Qd2 Nc6 6. Nf3 h5 7. d5 Ne5 8. Nxe5 dxe5 9. Bb5+ Kf8 10. f3 a6 11. Be2 Kg8 12. O-O Kh7 13. Nd1 Rf8 14. c4 Ne8 15. Nc3 f5 16. c5 f4 17. Bf2 Bf6 18. Rfd1 Rg8 19. b4 g5 20. h3 g4 21. fxg4 hxg4 22. Bxg4 Bxg4 23. hxg4 Rxg4 24. Qe2 Rg6 25. Rd3 Ng7 26. Rh3+ Kg8 27. Rd1 Qd7 28. Rdd3 Kf7 29. d6 exd6 30. cxd6 c6 31. Na4 Rg8 32. Nc5 Qd8 33. d7 Ne6 34. Nxb7 Qb8 35. Nd6+ Kf8 36. Qh5 Nd4 37. Ne8 Bd8 38. Rxd4 exd4 39. Qf5+ Ke7 40. Rh7+ R8g7 41. Bh4+ 1-0


[Site "https://www.chess.com"]

[Event "Titled Tuesday Blitz May 30 Late 2023"]
[White "Kouskoutis, Georgios-Alexandros"]
[Black "Oganian, Miran"]
[WhiteFideId "4234049"]
[BlackFideId "4122488"]
[WhiteElo "2149"]
[BlackElo "2323"]
[Result "1-0"]
[Round "01"]
[TimeControl "180+2"]
[Date "2023.05.31"]
[WhiteClock "0:00:03"]
[BlackClock "0:01:08"]

1. Nf3 Nf6 2. g3 g6 3. Bg2 Bg7 4. O-O O-O 5. c4 e6 6. Nc3 d5 7. cxd5 exd5 8. d4 c6 9. Bf4 Nbd7 10. Ne5 Re8 11. Rc1 Nxe5 12. Bxe5 Bf5 13. Qb3 Qd7 14. Na4 Ne4 15. Bxg7 Kxg7 16. Qd1 Bh3 17. Nc5 Nxc5 18. Rxc5 Bxg2 19. Kxg2 Re4 20. e3 Rae8 21. b4 h5 22. h4 Rg4 23. a4 Qe7 24. f3 Rxg3+ 25. Kxg3 Qxe3 26. Qc1 Qd3 27. Rd1 Qe2 28. Rc2 Qe6 29. Qf4 Qd7 30. Rcc1 Re2 31. Re1 Ra2 32. b5 Rb2 33. bxc6 bxc6 34. Rc3 Ra2 35. Rce3 Qd8 36. Re7 Qf8 37. Re8 Qb4 38. Qe5+ f6 39. Qe7+ Qxe7 40. R1xe7+ Kh6 41. Rh8# 1-0


[Site "https://www.chess.com"]

[Event "Titled Tuesday Blitz May 30 Late 2023"]
[White "Brodowski, Piotr"]
[Black "Tarasova, Viktoriya"]
[WhiteFideId "1124480"]
[BlackFideId "4175840"]
[WhiteElo "2351"]
[BlackElo "2182"]
[Result "1-0"]
[Round "01"]
[TimeControl "180+2"]
[Date "2023.05.31"]
[WhiteClock "0:00:34"]
[BlackClock "0:00:09"]

1. c4 Nf6 2. Nc3 e5 3. Nf3 Nc6 4. e4 Bb4 5. d3 h6 6. a3 Bxc3+ 7. bxc3 d6 8. g3 Bg4 9. h3 Bxf3 10. Qxf3 O-O 11. Bg2 Ne7 12. O-O Nd7 13. Qe2 c6 14. f4 f6 15. Rb1 Rb8 16. d4 Qa5 17. Qd3 Rfd8 18. h4 Qa6 19. Bh3 d5 20. exd5 cxd5 21. fxe5 fxe5 22. Rb5 exd4 23. cxd4 Rbc8 24. Qe2 Ng6 25. Rxd5 Ngf8 26. Rb5 Qd6 27. Qf2 Rxc4 28. Rxb7 Rxd4 29. Bf4 Qd5 30. Bg2 Qf7 31. Rxa7 Rd3 32. Qe2 Qc4 33. Qf2 Qd4 34. Qxd4 Rxd4 35. Re1 Nf6 36. Ree7 R4d7 37. Rexd7 Rxd7 38. Rxd7 N8xd7 39. a4 Nc5 40. a5 Na6 41. Bb7 Nc5 42. a6 Nxa6 43. Bxa6 Kf7 44. Bc4+ Kg6 45. Kg2 Nh5 46. Bd3+ Kf6 47. Bc1 g5 48. hxg5+ hxg5 49. Be2 Ng7 50. Bb2+ Kg6 51. Bxg7 Kxg7 52. Kf3 Kg6 53. Kg4 Kf6 54. Kh5 Kf5 55. g4+ Kf4 56. Bd1 1-0


[Site "https://www.chess.com"]